 Dungeon Crawl Stone Soup version 0.22-a0-393-g7f50228948 (webtiles) character file.

968 jacksonrr the Cleaver (level 7, -17/87 HPs)
             Began as a Minotaur Berserker on May 3, 2018.
             Was a Priest of Trog.
             Killed by Freeze
             ... invoked by Stone's ghost
              (22 damage)
             ... on level 5 of the Dungeon.
             The game lasted 00:09:08 (3366 turns).

jacksonrr the Cleaver (Minotaur Berserker)          Turns: 3366, Time: 00:09:08

Health: -17/87     AC: 10    Str: 26    XL:     7   Next: 93%
Magic:  6/6        EV: 11    Int:  4    God:    Trog [***...]
Gold:   197        SH:  0    Dex: 12    Spells: 6/6 levels left

rFire    + . .     SeeInvis .   a - +1 hand axe
rCold    x . .     Gourm    .   (no shield)
rNeg     . . .     Faith    .   l - +1 scale mail
rPois    .         Spirit   .   (helmet restricted)
rElec    .         Reflect  .   n - +2 cloak
rCorr    .         Harm     .   (no gloves)
MR       ++...                  (no boots)
Stlth    ..........             (no amulet)
HPRegen  1.24/turn              q - ring of fire
MPRegen  0.10/turn              (no ring)

@: berserking, regenerating, very quick
A: retaliatory headbutt, horns 2
a: Berserk, Trog's Hand, Renounce Religion


You were on level 5 of the Dungeon.
You worshipped Trog.
Trog was most pleased with you.
You were near starving.

You visited 1 branch of the dungeon, and saw 5 of its levels.

You collected 197 gold pieces.

Inventory:

Hand Weapons
 a - a +1 hand axe (weapon)
Armour
 b - a +0 animal skin
 l - a +1 scale mail (worn)
 n - a +2 cloak (worn)
Jewellery
 q - a ring of fire (left hand)
Wands
 p - a wand of flame (36)
Scrolls
 d - a scroll of magic mapping
 i - 3 scrolls of teleportation
 j - a scroll of enchant weapon
 m - a scroll of enchant armour
Potions
 e - a potion of resistance
 f - a potion of berserk rage {unknown}
 g - a potion of degeneration {unknown}
 k - 2 potions of agility
 r - a potion of might
 s - a potion of magic {unknown}
 t - a potion of mutation {unknown}
Comestibles
 c - 9 rations


   Skills:
 - Level 3.8 Fighting
 + Level 11.2 Axes
 - Level 2.5 Armour
 - Level 2.2 Dodging


You had 6 spell levels left.
You didn't know any spells.

Dungeon Overview and Level Annotations

Branches:
Dungeon (5/15)
 Temple: D:4-7

Altars:
Ashenzari
Elyvilon
Fedhas
Gozag
Qazlal
Wu Jian
Yredelemnul

Shops:
D:4 ?

Annotations:
D:5 Stone's ghost, amateur OpIE


Innate Abilities, Weirdness & Mutations

You reflexively headbutt those who attack you in melee.
You have a pair of horns on your head.


Message History

You are frozen.
* * * LOW HITPOINT WARNING * * *
You hit Stone's ghost.
Stone's ghost is almost destroyed.
Stone's ghost shouts, "You must not succeed where I failed!"
Stone's ghost closely misses you.
Your skin crawls.
You feel resistant to hostile enchantments.
You feel somewhat more hungry.
Stone's ghost stares at you and mumbles some strange words.
You are frozen.
* * * LOW HITPOINT WARNING * * *
You hit Stone's ghost.
Stone's ghost is almost destroyed.
A red film seems to cover your vision as you go berserk!
You feel yourself moving faster!
You feel mighty!
You are near starving!
Stone's ghost casts a spell at you.
You are frozen.
You die...

#....#
#####....##
..........#
..........#
..........#
..........#
..........#
......†<..#
##..##.W@##
#...# .......
..........
...........
............
.............
+######.##.###


You could see Stone's ghost.

Vanquished Creatures
  The ghost of NihilVerum the Sneak, an amateur KoAs (D:4)
  Duvessa (D:4)
  An ogre (D:4)
  A scorpion (D:4)
  Dowan (D:4)
  2 howler monkeys
  Crazy Yiuf (D:2)
  A bullfrog skeleton (D:4)
  An orc priest (D:4)
  5 orc wizards (D:4)
  A centaur skeleton (D:4)
  2 iguanas
  Terence (D:2)
  2 howler monkey skeletons
  An adder (D:2)
  An ooze (D:1)
  An adder skeleton (D:4)
  2 worms
  4 leopard geckos
  11 orcs
  2 ball pythons
  5 giant cockroaches
  8 goblins
  7 hobgoblins
  4 jackals (D:4)
  2 quokkas (D:3)
  6 bats
  A frilled lizard (D:2)
  4 kobolds
  6 rats
86 creatures vanquished.

Vanquished Creatures (others)
  A minotaur (D:1)
  An octopode (D:1)
  A draconian (D:1)
  2 vine stalkers (D:1)
  A formicid (D:1)
  A vampire (D:1)
  2 spriggans (D:1)
  A centaur (D:1)
  2 kobolds (D:1)
  4 tentacles (D:1)
16 creatures vanquished.

Grand Total: 102 creatures vanquished

Notes
Turn   | Place    | Note
-------+----------+-------------------------------------------
     0 | D:1      | jacksonrr the Minotaur Berserker began the quest for the Orb.
     0 | D:1      | Reached XP level 1. HP: 19/19 MP: 0/0
     0 | D:1      | Noticed a spriggan
     0 | D:1      | Noticed a vine stalker
     0 | D:1      | Noticed a spriggan
     0 | D:1      | Noticed a centaur
     0 | D:1      | Noticed an octopode
     0 | D:1      | Noticed a kraken
     0 | D:1      | Noticed a draconian
     0 | D:1      | Noticed a vine stalker
     0 | D:1      | Noticed a formicid
     0 | D:1      | Noticed a minotaur
     0 | D:1      | Noticed a vampire
     5 | D:1      | Killed a vine stalker
     6 | D:1      | Killed a spriggan
     7 | D:1      | Killed a centaur
     8 | D:1      | Killed an octopode
     9 | D:1      | Killed a spriggan
     9 | D:1      | Killed a vampire
    11 | D:1      | Killed a minotaur
    12 | D:1      | Killed a formicid
    13 | D:1      | Killed a draconian
    13 | D:1      | Killed a vine stalker
   118 | D:1      | Reached skill level 4 in Axes
   140 | D:1      | Reached XP level 2. HP: 23/27 MP: 1/1
   678 | D:2      | Found a runed door.
   745 | D:2      | Reached XP level 3. HP: 28/33 MP: 2/2
   762 | D:2      | Reached skill level 5 in Axes
   768 | D:2      | Found a stormy altar of Qazlal.
   860 | D:2      | Reached ** piety under Trog
   873 | D:2      | Noticed Terence
   879 | D:2      | Killed Terence
   919 | D:2      | Found a blossoming altar of Fedhas.
   942 | D:2      | Reached XP level 4. HP: 35/40 MP: 3/3
  1429 | D:2      | Noticed Crazy Yiuf
  1442 | D:2      | Killed Crazy Yiuf
  1442 | D:2      | Reached skill level 6 in Axes
  1555 | D:3      | Found an opulent altar of Gozag.
  1582 | D:3      | Found an ornate altar of the Wu Jian Council.
  1600 | D:3      | Found a basalt altar of Yredelemnul.
  1603 | D:3      | Found a shattered altar of Ashenzari.
  1990 | D:4      | Reached skill level 7 in Axes
  1990 | D:4      | Reached XP level 5. HP: 37/46 MP: 4/4
  2122 | D:4      | Noticed NihilVerum's ghost (amateur KoAs)
  2127 | D:4      | Killed NihilVerum's ghost
  2127 | D:4      | Reached skill level 8 in Axes
  2127 | D:4      | Reached XP level 6. HP: 37/52 MP: 5/5
  2183 | D:4      | Reached skill level 9 in Axes
  2246 | D:4      | Found Xiumus's Magic Scroll Emporium.
  2417 | D:4      | Reached XP level 7. HP: 28/58 MP: 6/6
  2650 | D:4      | Reached skill level 10 in Axes
  2664 | D:4      | Reached *** piety under Trog
  3002 | D:4      | Noticed Dowan
  3003 | D:4      | Noticed Duvessa
  3015 | D:4      | Killed Dowan
  3021 | D:4      | Killed Duvessa
  3082 | D:4      | Found a white marble altar of Elyvilon.
  3122 | D:4      | Reached skill level 11 in Axes
  3328 | D:5      | Entered Level 5 of the Dungeon
  3345 | D:5      | Noticed Stone's ghost (amateur OpIE)
  3364 | D:5      | HP: 2/58 [Stone's ghost/Freeze (7)]
  3366 | D:5      | Killed from afar by Stone's ghost

Vault maps used:
D:1:      nicolae_arrival_kraken_aquarium_a, columned_hall_lemuel,
          kennysheep_decorative_pillar, minmay_heptomino_l4
D:2:      lemuel_round_altar, grunt_qazlal_sundering, minmay_misc_feat_pillars,
          uniq_crazy_yiuf_cottage, uniq_terence
D:3:      grunt_temple_overflow_open, first_ration
D:4:      nicolae_overflow_crystal_walls, serial_shops, nicolae_shop_crystal,
          uniq_duvessa
D:5:      minmay_temple_entry_from_below_b

Skill      XL: |  1  2  3  4  5  6  7 |
---------------+----------------------+-----
Axes           | 4 5 7 8 9 11 | 11.2
Fighting       | |  3.8
Armour         | |  2.5
Dodging        | |  2.2

Action                   |  1- 3 |  4- 6 |  7- 9 || total
-------------------------+-------+-------+-------++-------
Melee: Hand axe          |    62 |   113 |    88 ||   263
       Headbutt          |    11 |    21 |    14 ||    46
Invok: Berserk           |       |       |     2 ||     2
       Trog's Hand       |       |       |     1 ||     1
  Use: Scroll            |       |     7 |     2 ||     9
 Stab: Sleeping          |     2 |       |       ||     2
  Eat: Chunk             |       |     5 |     3 ||     8
Armor: Animal skin       |     8 |       |       ||     8
       Scale mail        |     2 |    28 |    34 ||    64
Dodge: Dodged            |    31 |    32 |    25 ||    88

Table legend:
 A = Spawn XP
 B = Non-spawn XP
 C = Spawn XP percentage of total XP
 D = Spawn monster count
 E = Non-spawn monster count
 F = Spawn count percentage of total count
 G = Total turns spent on level
                    A         B        C        D         E        F      G
               +---------+---------+-------+---------+---------+-------+---------
         Total |       0 |    1384 |   0.0 |       0 |      86 |   0.0 |  3366
               +---------+---------+-------+---------+---------+-------+---------
           D:1 |       0 |      33 |   0.0 |       0 |      17 |   0.0 |   646
           D:2 |       0 |     113 |   0.0 |       0 |      14 |   0.0 |   853
           D:3 |       0 |      30 |   0.0 |       0 |      17 |   0.0 |   477
           D:4 |       0 |    1099 |   0.0 |       0 |      33 |   0.0 |  1352
           D:5 |       0 |     109 |   0.0 |       0 |       5 |   0.0 |    38
               +---------+---------+-------+---------+---------+-------+---------
